Match 37266170
Unlisted

Match 37266170
End
Kradschützen Motorcycle Team
Panzergrenadier Squad
Panzergrenadier Squad
250 Light Carrier
Construct Light Support Kompanie
Combat Half-tracks
MG34 Team
Fire Support Elements
2.5-tonne Medical Truck
Panzerjäger Mechanized Group
Vehicle Survival Package
Construct Panzerarmee Kommand
Panzer III L Medium Tank
Selects Armored Support Battlegroup
Selects Salvage Kits
Selects Veteran Gunners
Selects Panzer Storm
Emergency Repair Kits
Walking Stuka Rocket Launcher
Panzer III L Medium Tank
BALCK_9
Mr.Nobody
STALKER4732
kit.ohume
0
0

Comments sign in to comment!

No comments posted yet!